 Dungeon Crawl Stone Soup version 0.29.1-1-gd02db6906a (webtiles) character file.

Game seed: 2195724278419309231

1220 styxcanada the Covert (level 8, 0/60 HPs)
             Began as a Spriggan Brigand on Sept 25, 2022.
             Slain by a gnoll bouda
             ... wielding a +0 whip
              (5 damage)
             ... on level 6 of the Dungeon.
             The game lasted 00:29:54 (8513 turns).

styxcanada the Covert (Spriggan Brigand)            Turns: 8513, Time: 00:29:55

Health: 0/60       AC: 24    Str:  7    XL:     8   Next: 23%
Magic:  13/13      EV:  4    Int: 12    God:
Gold:   352        SH:  0    Dex: 25    Spells: 12/13 levels left

rFire   . . .      SeeInvis +   a - +3 dagger
rCold   . . .      Faith    .   (no shield)
rNeg    . . .      Spirit   .   (body armour currently unavailable)
rPois   +          Reflect  .   (helmet currently unavailable)
rElec   .          Harm     .   (cloak currently unavailable)
rCorr   .          Rampage  .   (gloves unavailable)
Will    +....      NoTele   +   (boots unavailable)
Stlth   +++++.....              (no amulet)
HPRegen 0.20/turn               v - +6 ring of dexterity
MPRegen 0.13/turn               (no ring)

@: tree-form (expiring), weakened, on berserk cooldown, slowed, very slow
A: stationary, stasis, torment immunity, boosted hp, very small, no large
weapons, unfitting armour, see invisible, (speed 3)
a: no special abilities


You were on level 6 of the Dungeon.
You were a tree.
You visited 1 branch of the dungeon, and saw 6 of its levels.

You collected 352 gold pieces.

Inventory:

Hand Weapons
 a - a +3 dagger (weapon)
 k - a +0 dagger of speed
 y - a +0 sling
Missiles
 g - 38 stones (quivered)
 j - a throwing net
Armour
 b - a +0 robe (melded)
 c - a +1 cloak (melded)
Jewellery
 v - a +6 ring of dexterity (left branch)
Wands
 B - a wand of paralysis (7)
Scrolls
 h - 2 scrolls of enchant armour
 t - a scroll of enchant weapon
 u - a scroll of magic mapping
 w - a scroll of fear
 z - a scroll of silence {unknown}
 A - a scroll of teleportation {unknown}
Potions
 d - a potion of flight
 f - a potion of brilliance
 l - a potion of ambrosia
 o - a potion of degeneration
 p - a potion of berserk rage
 q - 2 potions of haste {unknown}
 r - a potion of lignification


   Skills:
 + Level 3.0 Fighting
 + Level 3.9 Short Blades
 + Level 0.5 Ranged Weapons
 + Level 3.6 Throwing
 * Level 4.4 Dodging
 * Level 10.3 Stealth
 * Level 3.0 Spellcasting
 * Level 1.6 Conjurations
 * Level 2.0 Air Magic
 * Level 2.3 Evocations


You had 12 spell levels left.
You knew the following spells:

 Your Spells              Type           Power      Damage    Failure   Level
a - Shock                 Conj/Air       24%        1d4       12%         1

Your spell library contained the following spells:

 Spells                   Type           Power      Damage    Failure   Level
 Beastly Appendage        Tmut           2%         N/A       24%         1
 Swiftness                Air            6%         N/A       30%         3
 Wereblood                Tmut           1%         N/A       36%         2
 Spider Form              Tmut/Pois      1%         N/A       58%         3
 Airstrike                Air            3%         2d(1-17)  71%         4


Dungeon Overview and Level Annotations

Branches:
Dungeon (6/15)
 Temple: D:4-7

Altars:

Annotations:
D:6 Grinder


Innate Abilities, Weirdness & Mutations

You are a tree.
Your roots penetrate the ground, keeping you stationary.
You cannot be teleported.
You are immune to unholy pain and torment.
Your maximum health is greatly increased.
Your equipment is partially melded.
You are very small and have problems with some larger weapons.
You are too small for most types of armour.
You have supernaturally acute eyesight. (SInv)
((You cover ground extremely quickly. (Speed+++)))


Message History

Aim: a gnoll bouda, wielding a +0 whip and wearing a +0 robe (heavily wounded, chance to affect: 74%)
The gnoll bouda struggles to resist.
The now-empty wand crumbles to dust.
Grinder hits you but does no damage.
The gnoll bouda hits you but does no damage.
The gnoll bouda hits you with a +0 whip.
* * * LOW HITPOINT WARNING * * *
Grinder gestures at you. You resist with almost no effort.
You hit the gnoll bouda.
The gnoll bouda is almost dead.
Your transformation is almost over.
Grinder hits you but does no damage.
The gnoll bouda hits you but does no damage.
You hit the gnoll bouda.
The gnoll bouda is almost dead.
Grinder hits you but does no damage.
The gnoll bouda gazes fiercely through you!
You feel your attacks grow feeble.
The gnoll bouda hits you with a +0 whip.
* * * LOW HITPOINT WARNING * * *
You hit the gnoll bouda but do no damage.
The gnoll bouda is almost dead.
Grinder hits you.
* * * LOW HITPOINT WARNING * * *
You writhe in agony.
* * * LOW HITPOINT WARNING * * *
The gnoll bouda prays to its god.
The gnoll bouda is healed somewhat.
You hit the gnoll bouda but do no damage.
The gnoll bouda is severely wounded.
Grinder hits you but does no damage.
The gnoll bouda hits you but does no damage.
Unknown command.
Aiming: Paralyse
Press: ? - help, Shift-Dir - straight line, f - Grinder, p - gnoll bouda
Aim: Grinder (lightly wounded, chance to affect: 55%) Grinder resists with significant effort.
Grinder blinks!
The gnoll bouda hits you with a +0 whip.
You die...

#######.##.# # ######..........##
## #.................+ +.
.#####..###...#### ##
#.#.#...##..# #...# #
......#.##..###.#5# #
.#.#.#..##......#.# #
........##.##O###§# #+# #
#.#.#.#.##(((gSg♣.# #.#
.....g.....##g##### #.#
g#.#F#.#.####.# ##.## g..F)....##
#.# ##...##### #.#.#.#S#.# #.#
#....>#... ........[.###.#
####)..##...
.#.#.#.#......########...........
........#####..)))..)..###.###...
#.#.#.#.# ############ #.# #...


You could see Grinder, a water moccasin, an ogre, a gnoll bouda and 2 gnolls.

Vanquished Creatures
  2 water moccasins
  A centaur (D:6)
  2 bullfrogs (D:6)
  A scorpion (D:5)
  A hound (D:4)
  2 orc priests (D:4)
  A gnoll bouda (D:5)
  3 jellies (D:5)
  2 iguanas
  3 orc wizards (D:4)
  15 gnolls
  11 adders
  A white imp (D:5)
  An ufetubus (D:5)
  7 worms
  4 dart slugs
  23 orcs
  4 bats
  3 endoplasms
  4 giant cockroaches
  7 hobgoblins
  8 kobolds
  4 quokkas
  9 ball pythons
  8 frilled lizards
  7 goblins
  5 rats
139 creatures vanquished.

Notes
Turn   | Place    | Note
-------+----------+-------------------------------------------
     0 | D:1      | styxcanada the Spriggan Brigand began the quest for the
                  | Orb.
     0 | D:1      | Reached XP level 1. HP: 10/10 MP: 2/2
   100 | D:1      | Reached skill level 6 in Stealth
   578 | D:1      | Found a faded altar of an unknown god.
   585 | D:1      | Reached XP level 2. HP: 14/14 MP: 3/3
  1647 | D:2      | Reached skill level 7 in Stealth
  1770 | D:2      | Reached XP level 3. HP: 18/18 MP: 4/4
  1915 | D:2      | Reached XP level 4. HP: 10/23 MP: 5/5
  2510 | D:2      | Reached skill level 8 in Stealth
  3270 | D:3      | Reached XP level 5. HP: 26/26 MP: 6/6
  4039 | D:4      | Learned a level 1 spell: Shock
  4597 | D:4      | Reached XP level 6. HP: 30/31 MP: 7/7
  4623 | D:4      | Reached skill level 1 in Spellcasting
  5138 | D:4      | Reached skill level 9 in Stealth
  5310 | D:4      | Found the +1 Delatra's gloves {ID++}
  6402 | D:5      | Entered Level 5 of the Dungeon
  6425 | D:5      | Noticed a water moccasin
  6430 | D:5      | Killed a water moccasin
  6431 | D:5      | Reached skill level 1 in Air Magic
  6431 | D:5      | Reached XP level 7. HP: 35/35 MP: 8/10
  6498 | D:5      | Reached skill level 1 in Conjurations
  6498 | D:5      | Reached skill level 1 in Evocations
  7842 | D:6      | Reached skill level 10 in Stealth
  7843 | D:6      | Reached XP level 8. HP: 16/39 MP: 12/12
  8471 | D:6      | Noticed Grinder
  8513 | D:6      | Slain by a gnoll bouda

Illustrated notes

Levels and vault maps discovered:
D:1:      nicolae_arrival_washed_ashore, layout_basic,
          dreamdust_ecumenical_altar_angels_and_demons
D:2:      layout_basic
D:3:      layout_rooms
D:4:      layout_basic, kennysheep_cross_bottleneck, minivault_26
D:5:      layout_loops_ring
D:6:      layout_loops_corners, minmay_temple_entry_drinking_statues, hex_large,
          uniq_grinder, uniq_crazy_yiuf_cottage

Skill      XL: |  1  2  3  4  5  6  7  8 |
---------------+-------------------------+-----
Stealth        | 6 7 8 9 10 | 10.3
Dodging        | 2 3 4 |  4.4
Fighting       | 2 3 |  3.0
Short Blades   | 3 |  3.9
Spellcasting   | 1 2 3 |  3.0
Throwing       | 3 |  3.6
Air Magic      | 1 2 |  2.0
Conjurations   | 1 |  1.6
Evocations     | 2 |  2.3
Ranged Weapons | |  0.5

Action                   |  1- 3 |  4- 6 |  7- 9 || total
-------------------------+-------+-------+-------++-------
Melee: Dagger            |    58 |   222 |    99 ||   379
       Punch             |       |     5 |     2 ||     7
 Fire: Sling             |       |       |     5 ||     5
Throw: Dart              |    12 |    75 |    25 ||   112
       Stone             |       |     3 |     6 ||     9
 Cast: Shock             |       |       |     3 ||     3
Evoke: Wand              |       |       |     8 ||     8
  Use: Scroll            |       |     9 |     2 ||    11
       Potion            |       |       |     7 ||     7
 Stab: Sleeping          |     7 |    19 |     5 ||    31
       Distracted        |     1 |     1 |       ||     2
Armor: Robe              |     7 |    18 |     9 ||    34
       Skin              |       |       |    32 ||    32
Dodge: Dodged            |    33 |   127 |    79 ||   239
